 Dungeon Crawl Stone Soup version 0.31-a0-214-gb37851dbb3 (webtiles) character file.

Game seed: 11838633385837175113

3939 pokeman the Thaumaturge (level 10, -7/56 HPs)
             Began as a Deep Elf Hedge Wizard on July 1, 2023.
             Mangled by Amaemon
             ... wielding a -1 demon whip of venom
              (14 damage)
             ... on level 8 of the Dungeon.
             The game lasted 00:20:08 (10557 turns).

pokeman the Thaumaturge (Deep Elf Hedge Wizard)    Turns: 10557, Time: 00:20:09

Health: -7/56      AC:  5    Str:  7    XL:     10   Next: 1%
Magic:  20/28      EV: 13    Int: 24    God:
Gold:   186        SH:  0    Dex: 14    Spells: 14/33 levels left

rFire   . . .        o - +2 war axe (venom)
rCold   + . .        (no shield)
rNeg    + . .        b - +0 robe
rPois   .            w - +0 helmet
rElec   .            (no cloak)
rCorr   .            e - +0 pair of gloves
SInv    .            x - +0 pair of boots
Will    +....        E - amulet of the acrobat
Stlth   ++           n - ring of positive energy
HPRegen 0.29/turn    q - ring of protection from cold
MPRegen 0.21/turn

%: acrobat
@: lethally poisoned (-7 -> -28), studying Staves
A: no striking features
a: no special abilities


You were on level 8 of the Dungeon.
You visited 2 branches of the dungeon, and saw 9 of its levels.
You also visited: Sewer.

You collected 340 gold pieces.
You spent 154 gold pieces at shops.

Inventory:

Hand Weapons
 o - a +2 war axe of venom (weapon)
Missiles
 c - 3 throwing nets
 u - a curare-tipped dart
Armour
 b - a +0 robe (worn)
 e - a +0 pair of gloves (worn)
 w - a +0 helmet (worn)
 x - a +0 pair of boots (worn)
 z - an orb of mayhem
 D - a +0 buckler
 F - a scarf of invisibility
Jewellery
 n - a ring of positive energy (left hand)
 q - a ring of protection from cold (right hand)
 E - an amulet of the acrobat (around neck)
Scrolls
 a - a scroll of butterflies {unknown}
 g - 8 scrolls of identify {unknown}
 h - 4 scrolls of fog {unknown}
 k - 4 scrolls of blinking {unknown}
 r - a scroll of acquirement {unknown}
 s - a scroll of teleportation {unknown}
 y - a scroll of immolation {unknown}
 A - 2 scrolls of vulnerability {unknown}
 B - a scroll of fear {unknown}
 C - a scroll of poison {unknown}
 G - a scroll of enchant weapon {unknown}
Potions
 d - 3 potions of magic
 f - 2 potions of brilliance
 i - a potion of curing {unknown}
 j - 2 potions of enlightenment {unknown}
 l - 2 potions of mutation {unknown}
 m - a potion of attraction {unknown}
 p - a potion of heal wounds {unknown}
 t - 4 potions of invisibility {unknown}
 v - 2 potions of cancellation {unknown}


   Skills:
 - Level 3.0 Fighting
 - Level 3.1 Armour
 - Level 3.0 Dodging
 - Level 3.2 Stealth
 + Level 1.6 Shields
 * Level 12.3 Spellcasting
 + Level 6.9 Conjurations
 - Level 5.0 Summonings
 - Level 1.1 Translocations
 - Level 1.0 Transmutations
 - Level 1.1 Air Magic
 + Level 4.0 Earth Magic
 - Level 1.2 Poison Magic
 + Level 1.6 Evocations


You had 14 spell levels left.
You knew the following spells:

 Your Spells              Type           Power      Damage    Failure   Level
a - Magic Dart            Conj           100%       1d8       1%          1
b - Mephitic Cloud        Conj/Pois/Air  29%        N/A       3%          3
c - Call Imp              Summ           78%        N/A       1%          2
d - Blink                 Tloc           40%        N/A       4%          2
e - Leda's Unmaking       Conj/Erth      20%        9d4       54%         6
f - Irradiate             Conj/Tmut      17%        3d17      22%         5

Your spell library contained the following spells:

 Spells                   Type           Power      Damage    Failure   Level
 Summon Small Mammal      Summ           100%       N/A       1%          1
 Call Canine Familiar     Summ           39%        N/A       1%          3
 Slow                     Hex            56%        N/A       4%          1
 Cigotuvi's Dreadful Rot  Necr/Pois/Air  36%        N/A       4%          2
 Summon Guardian Golem    Hex/Summ       26%        N/A       4%          3
 Sublimation of Blood     Necr           14%        N/A       6%          2
 Portal Projectile        Hex/Tloc       34%        N/A       10%         3
 Ozocubu's Armour         Ice            14%        N/A       12%         3
 Tukima's Dance           Hex            14%        N/A       12%         3
 Petrify                  Tmut/Erth      27%        N/A       14%         4
 Dispel Undead            Necr           14%        3d10      38%         4
 Blade Hands              Tmut           10%        N/A       58%         5
 Metabolic Englaciation   Hex/Ice        7%         N/A       75%         5
 Death Channel            Necr           7%         N/A       99%         6
 Simulacrum               Ice/Necr       7%         N/A       99%         6


Dungeon Overview and Level Annotations

Branches:
Dungeon (8/15)             Temple (1/1) D:6           Sewer (visited)
   Lair: D:8-11

Altars:
Ashenzari
Cheibriados
Dithmenos
Elyvilon
Fedhas
Gozag
Hepliaklqana
Kikubaaqudgha
Makhleb
Nemelex Xobeh
Okawaru
Qazlal
Ru
Sif Muna
Trog
Uskayaw
Wu Jian
Xom
Yredelemnul
Zin
The Shining One

Shops:
D:5 :

Annotations:
D:8 Amaemon


Message History

The orange demon appears confused.
The orange demon is engulfed in noxious fumes.
The orange demon appears confused.
The orange demon stings Amaemon but does no damage.
The orange demon hits Amaemon.
Amaemon is engulfed in noxious fumes.
Amaemon appears confused.
Unknown command.
You completely miss Amaemon.
Amaemon is heavily wounded.
You feel sick.
You are no longer poisoned.
Amaemon is engulfed in noxious fumes.
Amaemon mumbles something.
The orange demon is engulfed in noxious fumes.
The orange demon appears confused.
Unknown command.
You aren't carrying any items that you can evoke.
You catch the helpless orange demon completely off-guard!
You hit the orange demon.
The orange demon is poisoned.
The orange demon is lightly wounded.
You see here a +0 dagger.
You hit the orange demon.
The orange demon looks as sick as possible!
The orange demon is moderately wounded.
The orange demon stings you. The orange demon hits you.
Unknown command.
You barely miss Amaemon.
Amaemon is heavily wounded.
You hit the orange demon but do no damage.
The orange demon looks as sick as possible!
Amaemon looks more healthy.
Amaemon hits you with a -1 demon whip of venom!
* * * LOW HITPOINT WARNING * * *
You are poisoned.
Amaemon closely misses you. Amaemon tail-slaps you.
* * * LOW HITPOINT WARNING * * *
You are more poisoned.
Amaemon poisons you!
Amaemon hits you with a -1 demon whip of venom!
You die...

####
#...##
###....#
#.....6##
##.....@<#
......).[#
...?..4)##
#.....#.[
#....##[..
#....
#.... #...
#.....
....
.......
#..
..##.#..


You could see Amaemon (confused) and an orange demon (confused, extremely
poisoned).

Vanquished Creatures
  Psyche (D:8)
  Eustachio (D:6)
  2 water moccasins
  Duvessa (D:6)
  An orc warrior (D:8)
  An ice beast (D:5)
  2 black bears
  A sky beast (D:7)
  An ogre (D:5)
  A phantom (D:5)
  3 kobold brigands (Sewer)
  2 bullfrogs
  2 necrophages (D:4)
  A gnoll sergeant (D:6)
  8 wights
  2 scorpions
  Dowan (D:6)
  3 howler monkeys
  2 gnoll boudas
  5 hounds
  4 jellies
  6 orc priests
  A sleepcap (D:4)
  4 iguanas
  4 orc wizards
  A hound zombie (D:4)
  16 gnolls
  8 adders
  5 river rats
  A shadow imp (D:6)
  A white imp (D:7)
  An ufetubus (D:5)
  An adder zombie (D:4)
  3 worms
  2 dart slugs
  34 orcs
  11 endoplasms
  2 giant cockroaches
  10 goblins
  7 hobgoblins
  7 jackals
  13 kobolds
  9 quokkas
  16 ball pythons
  8 bats
  2 frilled lizards
  17 rats
235 creatures vanquished.

Vanquished Creatures (collateral kills)
  2 necrophages (D:4)
  An orc (D:3)
  2 ball pythons (D:4)
5 creatures vanquished.

Grand Total: 240 creatures vanquished

Notes
Turn   | Place    | Note
-------+----------+-------------------------------------------
     0 | D:1      | pokeman the Deep Elf Hedge Wizard began the quest for the
                  | Orb.
     0 | D:1      | Reached XP level 1. HP: 10/10 MP: 7/7
   534 | D:1      | Reached XP level 2. HP: 16/16 MP: 6/9
  1150 | D:2      | Reached skill level 5 in Spellcasting
  1247 | D:2      | Reached XP level 3. HP: 20/20 MP: 2/11
  1251 | D:2      | Learned a level 3 spell: Mephitic Cloud
  1254 | D:2      | Learned a level 2 spell: Call Imp
  1257 | D:2      | Learned a level 2 spell: Blink
  1713 | D:2      | Reached skill level 1 in Fighting
  2074 | D:2      | Reached skill level 1 in Armour
  2383 | D:2      | Reached XP level 4. HP: 22/25 MP: 7/13
  2755 | D:3      | Found a glowing golden altar of the Shining One.
  2757 | D:3      | Found an iron altar of Okawaru.
  3436 | D:3      | Found a large runed translucent door.
  3436 | D:3      | Found a large runed translucent door.
  3958 | D:3      | Found a hide-covered altar of Uskayaw.
  3969 | D:3      | Found a snail-covered altar of Cheibriados.
  4073 | D:4      | Reached skill level 6 in Spellcasting
  4073 | D:4      | Reached XP level 5. HP: 29/29 MP: 6/15
  4692 | D:4      | Reached skill level 1 in Air Magic
  4692 | D:4      | Reached skill level 1 in Poison Magic
  4692 | D:4      | Reached XP level 6. HP: 34/34 MP: 11/17
  4830 | D:4      | Found a shimmering altar of Xom.
  4890 | D:4      | Found a blossoming altar of Fedhas.
  5120 | D:4      | Reached skill level 7 in Spellcasting
  5259 | D:4      | Reached XP level 7. HP: 39/39 MP: 8/20
  5463 | D:5      | Entered Level 5 of the Dungeon
  5473 | D:5      | Reached skill level 8 in Spellcasting
  5560 | D:5      | Found a glowing drain.
  5599 | Sewer    | Entered a sewer
  6130 | Sewer    | Reached XP level 8. HP: 39/44 MP: 16/22
  6136 | Sewer    | Reached skill level 9 in Spellcasting
  6630 | D:5      | Found Vuwom's Tiny Tomes.
  6667 | D:5      | Reached skill level 5 in Conjurations
  7186 | D:5      | Reached skill level 10 in Spellcasting
  7759 | D:5      | Bought the Dissertation on the Plateau for 154 gold pieces
  7766 | D:5      | Learned a level 6 spell: Leda's Unmaking
  7818 | D:6      | Noticed Eustachio
  7834 | D:6      | Killed Eustachio
  7917 | D:6      | Reached skill level 1 in Earth Magic
  7941 | D:6      | Reached XP level 9. HP: 12/48 MP: 4/25
  8237 | D:6      | Found a staircase to the Ecumenical Temple.
  8246 | Temple   | Entered the Ecumenical Temple
  8347 | D:6      | Learned a level 5 spell: Irradiate
  8542 | D:6      | Noticed Dowan
  8543 | D:6      | Noticed Duvessa
  8555 | D:6      | Killed Duvessa
  8555 | D:6      | Killed Dowan
  8641 | D:6      | Reached skill level 5 in Summonings
  8641 | D:6      | Reached skill level 1 in Transmutations
  9049 | D:6      | Reached skill level 11 in Spellcasting
  9962 | D:7      | Reached skill level 1 in Shields
 10025 | D:7      | Reached skill level 12 in Spellcasting
 10160 | D:7      | Found an ancient bone altar of Kikubaaqudgha.
 10396 | D:8      | Noticed Psyche
 10412 | D:8      | Reached skill level 1 in Evocations
 10414 | D:8      | Killed Psyche
 10436 | D:8      | Reached XP level 10. HP: 27/56 MP: 8/28
 10480 | D:8      | Noticed Amaemon
 10539 | D:8      | Noticed an orange demon
 10557 | D:8      | Mangled by Amaemon

Illustrated notes

Levels and vault maps discovered:
D:1:      dpeg_chamrin_arrival_tetris, layout_rooms
D:2:      layout_basic
D:3:      layout_basic, mainiacjoe_overflow_catwalk_spiral,
          jmf_multi_god_temple2, serial_co_window_serial, co_window_paths_a,
          co_window_corner_a, co_window_corner_a, co_window_of_opportunity_a,
          co_window_paths_b, co_window_paths_a, co_window_paths_b,
          co_window_corner_a, co_window_corner_a, co_window_of_opportunity_c,
          co_window_corner_b, co_window_broadway_c, co_window_of_opportunity_b,
          co_window_corner_b, co_window_paths_e, glass_columns_a,
          glass_columns_a
D:4:      layout_basic, fedhas_altar_decomposition, minmay_ruined_shrine
D:5:      layout_basic, gup_sewer_entry_bowl,
          nicolae_shop_i_like_small_books_too, grunt_ministairs_8
D:6:      layout_gridville, temple_green, uniq_eustachio, uniq_duvessa
D:7:      layout_loops_ring, mainiacjoe_overflow_boulevard
D:8:      layout_cave_pools, mainiacjoe_overflow_surrounded_room, serial_shops,
          nicolae_shop_tiny_waterfront, nicolae_lava_and_water, uniq_psyche,
          uniq_amaemon
Temple:   eino_wide_crystal_templ

Skill      XL: |  1  2  3  4  5  6  7  8  9 |
---------------+----------------------------+-----
Spellcasting   | 5 6 7 8 10 12 | 12.3
Fighting       | 1 2 3 |  3.0
Conjurations   | 2 3 4 5 6 |  6.9
Armour         | 1 2 3 |  3.1
Stealth        | 3 |  3.2
Dodging        | 3 |  3.0
Air Magic      | 1 |  1.1
Poison Magic   | 1 |  1.2
Summonings     | 2 3 4 5 |  5.0
Earth Magic    | 1 4 |  4.0
Transmutations | 1 |  1.0
Shields        | 1 |  1.6
Evocations     | 1 |  1.6
Translocations | |  1.1

Action                     |  1- 3 |  4- 6 |  7- 9 | 10-12 || total
---------------------------+-------+-------+-------+-------++-------
  Melee: Dagger            |     5 |       |       |       ||     5
         Short sword       |       |    11 |       |       ||    11
         War axe           |       |    40 |   123 |     9 ||   172
         Punch             |       |     1 |     1 |       ||     2
   Cast: Magic Dart        |   132 |   121 |   329 |     1 ||   583
         Mephitic Cloud    |       |     5 |    27 |     3 ||    35
         Call Imp          |       |     5 |     4 |       ||     9
         Blink             |       |     2 |     2 |       ||     4
   Stab: Confused          |       |     1 |    18 |     1 ||    20
         Sleeping          |       |     1 |       |       ||     1
         Distracted        |       |     1 |       |       ||     1
 Armour: Robe              |     6 |    16 |    38 |       ||    60
  Dodge: Dodged            |    13 |    46 |   138 |    10 ||   207

Table legend: (Time is in decaauts)
 A = Elapsed time spent in this place.
 B = Non-inter-level travel time spent in this place.
 C = Inter-level travel time spent in this place.
 D = Time resting spent in this place.
 E = Time spent auto-exploring this place.
 F = Levels seen in this place.
 G = Mean time per level.
                   A        B        C        D        E       F      G
               +--------+--------+--------+--------+--------+-----+--------+
         Total |  10658 |  10329 |    329 |    261 |   8413 |  10 | 1065.8 |
       Dungeon |   9768 |   9451 |    317 |    144 |   7835 |   8 | 1221.0 |
        Temple |     54 |     42 |     12 |      0 |     29 |   1 |   54.0 |
         Sewer |    835 |    835 |      0 |    117 |    549 |   1 |  835.0 |
               +--------+--------+--------+--------+--------+-----+--------+

Top non-repeatable levels by time:
     D:5: 1551 daAuts
     D:3: 1524 daAuts
     D:4: 1423 daAuts
     D:2: 1410 daAuts
     D:6: 1376 daAuts
     D:7: 1234 daAuts
     D:1: 1122 daAuts
   Sewer: 835 daAuts
     D:8: 125 daAuts
  Temple: 54 daAuts
